 Dungeon Crawl Stone Soup version 0.15.0-23-gc2b521c (console) character file.

28 gw the Twirler (level 2, -1/25 HPs)
             Began as a Minotaur Gladiator on Sept 9, 2014.
             Slain by a hobgoblin
             ... wielding a +0 club
              (3 damage)
             ... on Level 2 of the Dungeon.
             The game lasted 00:00:31 (895 turns).

gw the Twirler (Minotaur Gladiator)                  Turns: 895, Time: 00:00:31

HP  -1/25        AC  6     Str 19      XL: 2   Next: 96%
MP   1/1         EV 10     Int  5      God:
Gold 0           SH  0     Dex 10      Spells:  0 memorised,  1 level left

rFire  . . .     SeeInvis .     a - +0 quarterstaff
rCold  . . .     Clarity  .     e - +0 ring mail
rNeg   + . .     rCorr    .     (no shield)
rPois  .         rRot     .     c - +0 hat
rElec  .         Spirit   .     (no cloak)
SustAb .         Warding  +     k - +0 pair of gloves
rMut   .         Stasis   .     (no boots)
Gourm  .                        j - amulet of warding
MR     .....                    (no ring)
                                (no ring)

@: slowed, very slow, not resistant to hostile enchantments, extremely
unstealthy
A: retaliatory headbutt, horns 2
a: no special abilities


You were on level 2 of the Dungeon.
You were not hungry.

You visited 1 branch of the dungeon, and saw 2 of its levels.

Inventory:

Hand weapons
 a - a +0 quarterstaff (weapon)
Missiles
 d - 3 throwing nets
 g - 42 stones (quivered)
Armour
 c - a +0 hat (worn)
 e - a +0 ring mail (worn)
 k - a +0 pair of gloves (worn)
Comestibles
 f - a bread ration
 i - a royal jelly
Scrolls
 b - a scroll of recharging {unknown}
Jewellery
 j - an amulet of warding (around neck)


   Skills:
 + Level 2.7 Fighting
 * Level 4.5 Staves
 + Level 2.2 Throwing
 + Level 0.8 Armour
 - Level 3.2 Dodging


You had one spell level left.
You didn't know any spells.

Dungeon Overview and Level Annotations

Branches:
Dungeon (2/15)

Altars:
Cheibriados


Innate Abilities, Weirdness & Mutations

You reflexively headbutt those who attack you in melee.
You have a pair of horns on your head.


Message History

ATTACK MOVE TO (0,1)
You thump the kobold!
You kill the kobold!
The gnoll closely misses you. You furiously retaliate!
You headbutt the gnoll!
You kill the gnoll!
The hobgoblin hits you but does no damage.
FLEEEEING!
MOVING TO (-1,-4)
The hobgoblin closely misses you.
MOVING TO (-1,-3) FLEEEEING!
MOVING TO (1,8)
The hobgoblin barely misses you. x2
MOVING TO (2,7)
The hobgoblin hits you with a club.
MOVING TO (2,6) FLEEEEING!
MOVING TO (4,0)
The hobgoblin hits you with a club.
You die...

####### #.....###
#.._..#.. ...
#g.)..#.# #.#. ##
#.H...#.###.#.#
##..###'###.......#
##.......##..##..#.#
#.........#..#...#.#
+<........'........#
.........#..#....)#
#.......##$...)...#
##.....###.#####..#
##...# #.#####.<#


You could see a hobgoblin.

Table legend:
 A = Turns spent in this place as a percentage of turns spent in the entire game.
 B = Non-inter-level travel turns spent in this place as a percentage of non-inter-level travel turns spent in the entire game.
 C = Inter-level travel turns spent in this place as a percentage of turns spent in this place.
 D = Turns resting spent in this place as a percentage of non-inter-level travel turns spent in this place.
 E = Turns spent auto-exploring this place as a percentage of non-inter-level travel turns spent in this place.
 F = Non-inter-level travel turns spent in this place divided by the number of levels of this place that you've seen.
                   A       B       C       D       E      F
               +-------+-------+-------+-------+-------+----------------------
         Total | 100.0 | 100.0 |   0.7 |   3.4 |  12.5 | 147.5
       Dungeon | 100.0 | 100.0 |   0.7 |   3.4 |  12.5 | 147.5
               +-------+-------+-------+-------+-------+----------------------

Table legend:
 A = Kills in this place as a percentage of kills in entire the game.
 B = Kills by you in this place as a percentage of kills by you in the entire game.
 C = Kills by friends in this place as a percentage of kills by friends in the entire game.
 D = Other kills in this place as a percentage of other kills in the entire game.
 E = Experience gained in this place as a percentage of experience gained in the entire game.
 F = Experience gained in this place divided by the number of levels of this place that you have seen.
                   A       B       C       D       E      F
               +-------+-------+-------+-------+-------+----------------------
         Total | 100.0 | 100.0 |  -nan |  -nan | 100.0 |  20.0
       Dungeon | 100.0 | 100.0 |  -nan |  -nan | 100.0 |  20.0
               +-------+-------+-------+-------+-------+----------------------

Vanquished Creatures
  A gnoll (D:2)
  A giant cockroach (D:1)
  4 goblins
  2 hobgoblins
  2 kobolds
  4 bats (D:1)
  2 giant newts (D:1)
  3 rats (D:1)
19 creatures vanquished.

Notes
Turn   | Place    | Note
--------------------------------------------------------------
     0 | D:1      | gw, the Minotaur Gladiator, began the quest for the Orb.
     0 | D:1      | Reached XP level 1. HP: 18/18 MP: 1/1
   166 | D:1      | Reached skill level 4 in Staves
   302 | D:1      | Reached XP level 2. HP: 25/25 MP: 1/1
   884 | D:2      | Found a snail-covered altar of Cheibriados.
   895 | D:2      | Slain by a hobgoblin

Action                   || total
-------------------------++-------
Melee: Quarterstaff      ||    28
Throw: Stone             ||    40
  Use: Scroll            ||     2
       Potion            ||     1

Vault maps used:
D:1:      dpeg_arrival_signposts, grunt_decor_mini_mirrors
D:2:      cheibriados_altar_wand_db, minmay_mini_jars
